 Dungeon Crawl Stone Soup version 0.21.1-1-g345015f (webtiles) character file.

2796 Jawreze the Conjurer (level 9, 0/97 HPs)
             Began as a Demonspawn Wizard on May 30, 2018.
             Was a Believer of Makhleb.
             Succumbed to Erica's bolt of poison
             ... on level 8 of the Dungeon.
             The game lasted 00:25:45 (8040 turns).

Jawreze the Conjurer (Demonspawn Wizard)            Turns: 8040, Time: 00:25:46

Health: 0/97       AC:  8    Str: 22    XL:     9   Next: 43%
Magic:  18/18      EV: 12    Int: 23    God:    Makhleb [**....]
Gold:   247        SH:  0    Dex: 13    Spells: 12/20 levels left

rFire    . . .     SeeInvis .   r - +1 trident
rCold    x . .     Gourm    .   (no shield)
rNeg     + + .     Faith    .   v - +3 leather armour {rN+}
rPois    .         Spirit   .   t - +0 helmet of the Snail {rC- rN+ Str+7 Int+4}
rElec    .         Reflect  .   z - scarf {repulsion}
rCorr    .         Harm     .   K - +0 pair of gloves
MR       .....                  (no boots)
Stlth    ..........             (no amulet)
HPRegen  0.26/turn              (no ring)
MPRegen  0.16/turn              (no ring)

@: mighty, berserking, lethally poisoned (0 -> -11), repel missiles, very quick
A: claws 1, powered by pain 1, spiny 2, sturdy frame 1
a: Minor Destruction, Renounce Religion


You were on level 8 of the Dungeon.
You worshipped Makhleb.
Makhleb was pleased with you.
You were not hungry.

You visited 2 branches of the dungeon, and saw 9 of its levels.

You collected 379 gold pieces.
You spent 132 gold pieces at shops.

Inventory:

Hand Weapons
 j - a +0 dagger
 r - a +1 trident (weapon)
 x - a +0 blowgun
Missiles
 y - 10 poisoned needles
Armour
 a - a +0 robe
 b - a +0 hat
 i - a +0 leather armour
 p - a +0 shield
 t - the +0 helmet of the Snail (worn) {rC- rN+ Str+7 Int+4}
   (You took it off Robin on level 3 of the Dungeon)

   It affects your strength (+7).
   It affects your intelligence (+4).
   It makes you vulnerable to cold.
   It protects you from negative energy.
 v - a +3 leather armour of positive energy (worn)
 z - a scarf of repulsion (worn)
 K - a +0 pair of gloves (worn)
Jewellery
 m - a +5 ring of intelligence {unknown}
Scrolls
 k - 2 scrolls of amnesia
 l - a scroll of teleportation
 n - 2 scrolls of enchant weapon
 q - 13 scrolls of identify
 w - a scroll of noise {unknown}
 A - a scroll of vulnerability {unknown}
 E - 3 scrolls of enchant armour {unknown}
 G - 2 scrolls of immolation {unknown}
 H - 3 scrolls of remove curse
Potions
 e - 3 potions of might
 f - a potion of cancellation {unknown}
 g - a potion of magic {unknown}
 h - a potion of haste {unknown}
 o - a potion of berserk rage
 s - a potion of brilliance {unknown}
 u - 2 potions of heal wounds {unknown}
 B - 2 potions of flight {unknown}
 C - 2 potions of curing
 D - a potion of lignification {unknown}
Books
 c - a book of Minor Magic

   Spells                             Type                      Level
   a - Magic Dart                     Conjuration                  1
   b - Blink                          Translocation                2
   c - Call Imp                       Summoning                    2
   d - Slow                           Hexes                        2
   e - Conjure Flame                  Conjuration/Fire             3
   f - Mephitic Cloud                 Conjuration/Poison/Air       3
 F - a book of Misfortune

   Spells                             Type                      Level
   a - Confusing Touch                Hexes                        1
   b - Confuse                        Hexes                        3
   c - Gell's Gravitas                Translocation                3
   d - Petrify                        Transmutation/Earth          4
   e - Metabolic Englaciation         Hexes/Ice                    5
   f - Yara's Violent Unravelling     Hexes/Transmutation          5
 I - a book of Flames

   Spells                             Type                      Level
   a - Flame Tongue                   Conjuration/Fire             1
   b - Throw Flame                    Conjuration/Fire             2
   c - Conjure Flame                  Conjuration/Fire             3
   d - Inner Flame                    Hexes/Fire                   3
   e - Sticky Flame                   Conjuration/Fire             4
   f - Fireball                       Conjuration/Fire             5
Comestibles
 d - 16 rations
 J - 7 chunks of flesh


   Skills:
 - Level 4.1 Fighting
 + Level 3.0 Polearms
 - Level 1.7 Dodging
 - Level 1.7 Stealth
 + Level 6.3 Spellcasting
 + Level 7.9 Conjurations
 - Level 1.0 Summonings
 - Level 0.8 Translocations
 * Level 4.4 Air Magic
 + Level 3.3 Poison Magic


You had 12 spell levels left.
You knew the following spells:

 Your Spells              Type           Power        Failure   Level  Hunger
a - Magic Dart            Conj           ####         1%          1    None
b - Mephitic Cloud        Conj/Pois/Air  ####....     3%          3    #......
c - Call Imp              Summ           ##......     9%          2    None
d - Blink                 Tloc           N/A          9%          2    None


Dungeon Overview and Level Annotations

Branches:
Dungeon (8/15)             Temple (1/1) D:4
   Lair: D:8-11

Altars:
Ashenzari
Dithmenos
Elyvilon
Fedhas
Gozag
Hepliaklqana
Kikubaaqudgha
Makhleb
Nemelex Xobeh
Okawaru
Qazlal
Ru
Sif Muna
Trog
Uskayaw
Vehumet
Wu Jian
Xom
Yredelemnul
Zin
The Shining One

Shops:
D:4 *   D:8 !

Annotations:
D:8 Erica


Innate Abilities, Weirdness & Mutations

You have sharp fingernails.
You sometimes gain a little power by taking damage.
You are mostly covered in sharp spines.
Your movements are slightly less encumbered by armour. (ER -2)


Message History

Unknown command.
It was a potion of curing.
You feel better. Erica barely misses you.
It was a potion of berserk rage.
A red film seems to cover your vision as you go berserk!
You feel yourself moving faster!
You feel mighty! Erica is struck by your spines. Erica closely misses you.
You barely miss Erica.
Erica is lightly wounded.
The two-headed ogre seems less confused.
You puncture Erica!
Erica is moderately wounded.
Erica points at you and mumbles some strange words.
The bolt of poison hits you!
You are poisoned.
* * * LOW HITPOINT WARNING * * *
You focus on the pain.
You feel your power returning.
You are too berserk!
You barely miss Erica.
Erica is moderately wounded.
You die...

....). ....O
## .#.. ##.
... ... ..##
# #.# .O. ..#
#.####.#...#
#...@@K∩..#
#..###.#..#
#..# .# #
#..# .#
#####..###..
#............
#.###..####..
#.# #..... ..
#.# #.......


You could see Erica, a two-headed ogre and a kobold.

Vanquished Creatures
  Grinder (D:5)
  A spriggan (D:7)
  An orc warrior (D:8)
  An ice beast (D:5)
  A black bear (D:6)
  A sky beast (D:7)
  4 phantoms
  4 ogres
  3 centaurs
  Blork the orc (D:5)
  2 scorpions
  3 crimson imps
  A bullfrog zombie (D:5)
  A centaur zombie (D:5)
  2 jellies
  3 orc priests
  A centaur skeleton (D:5)
  2 hounds
  Terence (D:3)
  A bullfrog skeleton (D:2)
  An iguana (D:6)
  3 orc wizards
  6 worker ants
  2 hound skeletons (D:6)
  Robin (D:3)
  4 gnolls (D:5)
  A worker ant zombie (D:7)
  9 adders
  3 shadow imps
  An ooze (D:1)
  An adder zombie (D:7)
  2 worms
  6 dart slugs
  3 leopard geckos
  20 orcs
  3 giant cockroaches
  19 goblins
  9 hobgoblins
  2 jackals (D:4)
  5 quokkas
  3 ball pythons
  5 bats
  8 frilled lizards
  A giant cockroach zombie (D:6)
  9 kobolds
  A leopard gecko skeleton (D:5)
  6 rats
169 creatures vanquished.

Vanquished Creatures (collateral kills)
  A hound (D:4)
  An orc (D:5)
2 creatures vanquished.

Grand Total: 171 creatures vanquished

Notes
Turn   | Place    | Note
-------+----------+-------------------------------------------
     0 | D:1      | Jawreze the Demonspawn Wizard began the quest for the Orb.
     0 | D:1      | Reached XP level 1. HP: 13/13 MP: 4/4
   269 | D:1      | Gained mutation: You are partially covered in sharp spines. [demonic ancestry]
   269 | D:1      | Reached XP level 2. HP: 19/19 MP: 3/6
   430 | D:1      | Reached skill level 2 in Conjurations
   710 | D:1      | Gained mutation: You are mostly covered in sharp spines. [demonic ancestry]
   710 | D:1      | Reached XP level 3. HP: 24/24 MP: 1/7
  1154 | D:2      | Reached skill level 3 in Conjurations
  1237 | D:2      | Reached XP level 4. HP: 27/30 MP: 7/9
  1661 | D:2      | Found a shattered altar of Ashenzari.
  2049 | D:3      | Reached skill level 1 in Fighting
  2117 | D:3      | Reached skill level 4 in Conjurations
  2117 | D:3      | Gained mutation: You have sharp fingernails. [demonic ancestry]
  2117 | D:3      | Reached XP level 5. HP: 37/37 MP: 1/10
  2192 | D:3      | Noticed Robin
  2202 | D:3      | Killed Robin
  2311 | D:3      | Got a brightly glowing helmet
  2322 | D:3      | Identified the cursed +0 helmet of the Snail {rC- rN+ Str+7 Int+4} (You took it off Robin on level 3 of the Dungeon)
  2592 | D:3      | Found a blossoming altar of Fedhas.
  2633 | D:3      | Found a sacrificial altar of Ru.
  2712 | D:3      | Learned a level 3 spell: Mephitic Cloud
  2715 | D:3      | Learned a level 2 spell: Call Imp
  2718 | D:3      | Learned a level 2 spell: Blink
  2724 | D:3      | Found an ancient bone altar of Kikubaaqudgha.
  2998 | D:3      | Noticed Terence
  3011 | D:3      | Killed Terence
  3210 | D:4      | Gained mutation: Your movements are slightly less encumbered by armour. (ER -2) [demonic ancestry]
  3210 | D:4      | Reached XP level 6. HP: 44/44 MP: 3/12
  3484 | D:4      | Reached skill level 5 in Conjurations
  3695 | D:4      | Found a staircase to the Ecumenical Temple.
  3705 | Temple   | Entered the Ecumenical Temple
  3899 | Temple   | Became a worshipper of Makhleb the Destroyer
  4074 | D:4      | Found Guzac's General Store.
  4083 | D:4      | Bought a scarf of repulsion for 132 gold pieces
  4378 | D:4      | Reached XP level 7. HP: 51/51 MP: 2/14
  4635 | D:4      | Reached skill level 6 in Conjurations
  4794 | D:5      | Entered Level 5 of the Dungeon
  4794 | D:5      | Found a hide-covered altar of Uskayaw.
  4840 | D:5      | Noticed Grinder
  4870 | D:5      | Paralysed by Grinder for 4 turns
  4957 | D:5      | Reached skill level 5 in Spellcasting
  5187 | D:5      | Reached XP level 8. HP: 60/60 MP: 5/15
  5256 | D:5      | Reached * piety under Makhleb
  5256 | D:5      | Reached skill level 7 in Conjurations
  5434 | D:5      | Killed Grinder
  5434 | D:5      | Reached skill level 1 in Air Magic
  5465 | D:5      | Noticed Blork the orc
  5473 | D:5      | Killed Blork the orc
  5473 | D:5      | Reached skill level 1 in Polearms
  5473 | D:5      | Reached skill level 1 in Poison Magic
  5883 | D:5      | Found a deep blue altar of Sif Muna.
  6467 | D:6      | Found an opulent altar of Gozag.
  6608 | D:6      | Found a faded altar of an unknown god.
  6608 | D:6      | Found an opulent altar of Gozag.
  6613 | D:6      | Found a shimmering altar of Xom.
  6615 | D:6      | Found a faded altar of an unknown god.
  6616 | D:6      | Found a stormy altar of Qazlal.
  6980 | D:7      | Gained mutation: You sometimes gain a little power by taking damage. [demonic ancestry]
  6980 | D:7      | Reached XP level 9. HP: 65/65 MP: 9/17
  7383 | D:7      | Reached ** piety under Makhleb
  7420 | D:7      | Found an iron altar of Okawaru.
  8015 | D:8      | Found Oteprar's Distillery.
  8021 | D:8      | Noticed Erica
  8025 | D:8      | Noticed a two-headed ogre
  8039 | D:8      | HP: 2/97 [Erica/bolt of poison (23)]
  8040 | D:8      | Succumbed to Erica's bolt of poison

Skill      XL: |  1  2  3  4  5  6  7  8  9 |
---------------+----------------------------+-----
Conjurations   | 2 3 4 5 6 7 |  7.9
Fighting       | 1 2 3 4 |  4.1
Spellcasting   | 4 5 6 |  6.3
Air Magic      | 3 4 |  4.4
Polearms       | 2 3 |  3.0
Poison Magic   | 2 3 |  3.3
Dodging        | |  1.7
Stealth        | |  1.7
Summonings     | |  1.0
Translocations | |  0.8

Action                   |  1- 3 |  4- 6 |  7- 9 || total
-------------------------+-------+-------+-------++-------
Melee: Dagger            |    15 |    19 |       ||    34
       Trident           |       |    37 |    97 ||   134
 Fire: Blowgun           |       |     1 |       ||     1
 Cast: Magic Dart        |    54 |   135 |   225 ||   414
       Mephitic Cloud    |       |     3 |    20 ||    23
       Call Imp          |       |     3 |     7 ||    10
  Use: Scroll            |       |     6 |       ||     6
       Potion            |       |       |     2 ||     2
 Stab: Sleeping          |       |     2 |       ||     2
       Distracted        |       |     3 |       ||     3
       Confused          |       |       |     1 ||     1
  Eat: Chunk             |     1 |     9 |     9 ||    19
       Ration            |       |       |     1 ||     1
Armor: Leather armour    |     4 |     3 |    16 ||    23
Dodge: Dodged            |     9 |    32 |    40 ||    81
       Deflected         |       |       |     5 ||     5
